AoeStats
← THEAVENGR

MegaRandom

508842129Analyzed
4v4 RM · 7d ago on Sep 24, 2026· 43m 51s· 8 players
Game mode
Random Map
Map size
Large (8 player)
Population
200
Speed
Normal
Resources
Standard
Victory
Conquest
Starting age
Dark Age
Ending age
Imperial Age
RankedLock teamsTeams togetherTeam positionsShared explorationLock speedFull tech treeHidden civsTurbo modeCheats
Victory
Defeat
🇹🇼 Franks · Taiwan
907
+16
🇹🇼 Italians · Taiwan
899
+17
🇨🇳 Berbers · China
892
+17
🇨🇳 Berbers · China
837
+19
🇨🇳 Huns · China
993
-20
🇭🇺 Berbers · Hungary
921
-18
🇩🇪 Magyars · Germany
910
-17
🇬🇧 Danes · United Kingdom
830
-14
不動游星
11:07 Feudal Age
17:25 Castle Age
15:16 Double-Bit Axe
15:18 Horse Collar
22:21 Heavy Plow
29:22 Imperial Age
26:48 Fletching
28:55 Bow Saw
34:28 Wheelbarrow
34:47 Crop Rotation
38:14 Chemistry
37:37 Conscription
37:36 Hand Cart
心死就在一瞬間
3:22 Loom
12:29 Feudal Age
12:55 Double-Bit Axe
14:35 Wheelbarrow
19:48 Castle Age
20:52 Pikeman
22:05 Scale Barding Armor
22:02 Scale Mail Armor
22:39 Bow Saw
23:29 Stone Mining
26:03 Gold Mining
32:24 Chain Barding Armor
32:15 Forging
32:21 Chain Mail Armor
39:44 Squires
39:29 Arson
卢本伟
2:31 Loom
11:29 Feudal Age
12:58 Double-Bit Axe
15:50 Castle Age
14:36 Gold Mining
14:31 Horse Collar
15:15 Stone Mining
18:00 Wheelbarrow
19:40 Heavy Plow
26:35 Hand Cart
30:24 Imperial Age
29:42 Bow Saw
30:13 Gold Shaft Mining
30:14 Stone Shaft Mining
31:54 Crop Rotation
31:59 Conscription
31:43 Maghrebi Camels
32:06 Bloodlines
31:57 Husbandry
32:36 Fletching
32:47 Padded Archer Armor
33:34 Ballistics
34:14 Chemistry
32:48 Elite Camel Archer
34:25 Bodkin Arrow
34:46 Leather Archer Armor
35:03 Kasbah
35:22 Bracer
37:41 Ring Archer Armor
37:29 Thumb Ring
36:45 Crossbowman
知行
4:06 Loom
39:56 Feudal Age
44:43 Feudal Age
sascha.n.89
11:37 Feudal Age
12:01 Horse Collar
12:10 Double-Bit Axe
13:50 Wheelbarrow
20:51 Castle Age
21:18 Bloodlines
21:19 Scale Barding Armor
21:48 Hand Cart
23:32 Heavy Plow
23:51 Bow Saw
24:40 Hand Cart
28:52 Gold Mining
28:55 Stone Mining
28:44 Pikeman
31:29 Gold Shaft Mining
34:23 Imperial Age
32:33 Padded Archer Armor
33:10 Treadmill Crane
33:51 Ballistics
33:38 Fletching
33:58 Thumb Ring
35:31 Conscription
38:11 Elite Skirmisher
38:33 Elite Genitour
38:39 Halberdier
42:25 Chain Barding Armor
42:01 Bodkin Arrow
42:22 Leather Archer Armor
大象钻树林
10:55 Feudal Age
17:05 Castle Age
17:29 Forging
19:20 Double-Bit Axe
24:17 Stone Mining
26:26 Pikeman
27:41 Scale Mail Armor
31:06 Loom
THEAVENGR
6:39 Loom
14:17 Feudal Age
19:54 Castle Age
19:17 Double-Bit Axe
22:08 Horse Collar
23:28 Stone Mining
28:09 Wheelbarrow
28:34 Bloodlines
29:37 Fletching
32:57 Bow Saw
33:35 Heavy Plow
33:37 Gold Mining
35:01 Masonry
39:57 Imperial Age
38:17 Ballistics
39:17 Kasbah
38:50 Elite Skirmisher
39:50 Bodkin Arrow
40:27 Padded Archer Armor
40:42 Bracer
41:45 Conscription
43:17 Leather Archer Armor
Shaun
2:32 Loom
23:01 Feudal Age
23:32 Man-at-Arms
24:54 Double-Bit Axe
33:27 Castle Age
31:46 Scale Mail Armor
31:58 Forging
35:07 Chain Mail Armor
35:27 Iron Casting
Connection lost

Rejoining the realm…

Still unreachable

The connection could not be restored.

Session expired

The server has moved on; the page needs a fresh start.